PAAA
ALLOWAY HALBERDS @ PAWNEE PARKSNREC
09/14/2017
 
TOP OF THE 1ST
Alloway Halberds batting - Pitching for Pawnee ParksNRec : RHP Jim Unknown
Pitching: RHP Jim Unknown
Batting: RHB Orlando López 0-0: Ball
1-0: Foul Ball, location: 2F
1-1: Ball
2-1: Ball
3-1: Base on Balls
Batting: LHB Jack Robbins 0-0: Ball
1-0: Ball
2-0: Called Strike
2-1: Foul Ball, location: 2F
2-2: Fielders Choice at 2nd, 4-6 (Groundball, 34)
Batting: RHB Pedro Orozco 0-0: Ball
1-0: Ball
2-0: Fly out, F8 (Popup, 8RS)
Batting: LHB Matt Lee 0-0: Foul Ball, location: 2F
0-1: Ball
1-1: Ball
2-1: Ball
3-1: Ground out 4-3 (Groundball, 34)
Top of the 1st over - 0 run(s), 0 hit(s), 0 error(s), 1 left on base; Alloway 0 - Pawnee 0
BOTTOM OF THE 1ST
Pawnee ParksNRec batting - Pitching for Alloway Halberds : LHP Jim Unknown
Pitching: LHP Jim Unknown
Batting: RHB Jim Unknown 0-0: Ball
1-0: Ball
2-0: Ball
3-0: Called Strike
3-1: SINGLE (Groundball, 6MD)
Batting: RHB Jim Unknown 0-0: Ball
1-0: Called Strike
1-1: Called Strike
1-2: TRIPLE (Line Drive, 89D)
Jim Unknown scores
Batting: LHB Mike Gardner 0-0: Ball
1-0: Fly out, F8 (Flyball, 8RM)
Runner from 3rd tags up, SCORES, throw made
Batting: RHB Jim Unknown 0-0: Ball
1-0: Called Strike
1-1: Called Strike
1-2: Ball
2-2: Ball
3-2: SINGLE (Flyball, 89M) - OUT at second base trying to stretch hit.
Batting: SHB Jim Unknown 0-0: Ball
1-0: Ball
2-0: Fly out, F9 (Flyball, 89S)
Bottom of the 1st over - 2 run(s), 3 hit(s), 0 error(s), 0 left on base; Alloway 0 - Pawnee 2
TOP OF THE 2ND
Alloway Halberds batting - Pitching for Pawnee ParksNRec : RHP Jim Unknown
Batting: RHB Bill Stewart 0-0: Called Strike
0-1: Fly out, F4 (Popup, 4D)
Batting: LHB Al Byers 0-0: Ball
1-0: Fly out, F6 (Popup, 6)
Batting: RHB Juan Martínez 0-0: Ball
1-0: Fly out, F9 (Flyball, 9LM)
Top of the 2nd over - 0 run(s), 0 hit(s), 0 error(s), 0 left on base; Alloway 0 - Pawnee 2
BOTTOM OF THE 2ND
Pawnee ParksNRec batting - Pitching for Alloway Halberds : LHP Jim Unknown
Batting: RHB Jim Unknown 0-0: Called Strike
0-1: Called Strike
0-2: Foul Ball, location: 2F
0-2: Foul Ball, location: 2F
0-2: Fly out, F8 (Flyball, 89XD)
Batting: LHB Jim Unknown 0-0: Ball
1-0: Ball
2-0: Foul Ball, location: 2F
2-1: Foul Ball, location: 2F
2-2: Foul Ball, location: 2F
2-2: Strikes out swinging
Batting: LHB Jim Unknown 0-0: Called Strike
0-1: Ball
1-1: Ball
2-1: Foul Ball, location: 2F
2-2: Foul Ball, location: 2F
2-2: SINGLE (Groundball, 34S)
Batting: RHB Jim Unknown 0-0: Called Strike
0-1: Ball
1-1: Ball
2-1: Fly out, F4 (Popup, 4S)
Bottom of the 2nd over - 0 run(s), 1 hit(s), 0 error(s), 1 left on base; Alloway 0 - Pawnee 2
TOP OF THE 3RD
Alloway Halberds batting - Pitching for Pawnee ParksNRec : RHP Jim Unknown
Batting: RHB Brian Williams 0-0: Foul Ball, location: 2F
0-1: Ball
1-1: Called Strike
1-2: Strikes out swinging
Batting: SHB Curt Finley 0-0: Ball
1-0: Called Strike
1-1: Ball
2-1: Ball
3-1: Swinging Strike
3-2: Foul Ball, location: 2F
3-2: SINGLE (Groundball, 56D)
Batting: RHB Orlando López 0-0: Ball
1-0: Ball
2-0: Foul Ball, location: 2F
2-1: Foul Ball, location: 2F
2-2: SINGLE (Groundball, 6M)
Curt Finley to second
Runner from 2nd tries for 3rd, SAFE, no throw or cutoff
Batting: LHB Jack Robbins 0-0: Called Strike
0-1: Foul Ball, location: 2F
0-2: Fielders Choice at 2nd, 1-4 (Groundball, 15S)
Batting: RHB Pedro Orozco 0-0: Ground out 5-3 (Groundball, 5S)
Top of the 3rd over - 0 run(s), 2 hit(s), 0 error(s), 2 left on base; Alloway 0 - Pawnee 2
BOTTOM OF THE 3RD
Pawnee ParksNRec batting - Pitching for Alloway Halberds : LHP Jim Unknown
Batting: RHB Jim Unknown 0-0: Called Strike
0-1: Ball
1-1: Ball
2-1: Ball
3-1: Foul Ball, location: 2F
3-2: Base on Balls
Batting: RHB Jim Unknown 0-0: Called Strike
0-1: Ball
1-1: Grounds into double play, 6-4-3 (Groundball, 6)
Batting: LHB Mike Gardner 0-0: Foul Ball, location: 2F
0-1: Ball
1-1: Swinging Strike
1-2: Strikes out swinging
Bottom of the 3rd over - 0 run(s), 0 hit(s), 0 error(s), 0 left on base; Alloway 0 - Pawnee 2
TOP OF THE 4TH
Alloway Halberds batting - Pitching for Pawnee ParksNRec : RHP Jim Unknown
Batting: LHB Matt Lee 0-0: Ball
1-0: Ball
2-0: Foul Ball, location: 2F
2-1: Ball
3-1: SINGLE (Flyball, 7S)
Batting: RHB Bill Stewart 0-0: Called Strike
0-1: SINGLE (Flyball, 7LM)
Matt Lee to second
Batting: LHB Al Byers 0-0: Ball
1-0: Ball
2-0: Called Strike
2-1: Ball
3-1: SINGLE (Line Drive, 4M)
Matt Lee to third
Bill Stewart to second
Batting: RHB Juan Martínez 0-0: Grounds into double play, 4-6-3 (Groundball, 4M)
Matt Lee scores
Bill Stewart to third
Batting: RHB Brian Williams 0-0: Ball
1-0: Foul Ball, location: 2F
1-1: Called Strike
1-2: Ball
2-2: Strikes out looking
Top of the 4th over - 1 run(s), 3 hit(s), 0 error(s), 1 left on base; Alloway 1 - Pawnee 2
BOTTOM OF THE 4TH
Pawnee ParksNRec batting - Pitching for Alloway Halberds : LHP Jim Unknown
Batting: RHB Jim Unknown 0-0: Ball
1-0: Ground out 5-3 (Groundball, 56)
Batting: SHB Jim Unknown 0-0: Ball
1-0: Ball
2-0: Ball
3-0: Base on Balls
Batting: RHB Jim Unknown 0-0: Called Strike
0-1: Foul Ball, location: 2F
0-2: Ball
1-2: Fly out, F8 (Flyball, 8RXD)
Batting: LHB Jim Unknown 0-0: DOUBLE (Flyball, 7LD)
Jim Unknown to third
Runner from 3rd tries for Home, SAFE, no throw or cutoff
Batting: LHB Jim Unknown 0-0: Ball
1-0: Ball
2-0: Foul Ball, location: 2F
2-1: Ball
3-1: Base on Balls
Batting: RHB Jim Unknown 0-0: Ball
1-0: Ball
2-0: Ball
3-0: Called Strike
3-1: Base on Balls
Jim Unknown to third
Jim Unknown to second
Batting: RHB Jim Unknown 0-0: Ball
1-0: Called Strike
1-1: Foul Ball, location: 2F
1-2: Ground out 4-3 (Groundball, 4)
Bottom of the 4th over - 1 run(s), 1 hit(s), 0 error(s), 3 left on base; Alloway 1 - Pawnee 3
TOP OF THE 5TH
Alloway Halberds batting - Pitching for Pawnee ParksNRec : RHP Jim Unknown
Batting: SHB Curt Finley 0-0: Called Strike
0-1: Ground out 4-3 (Groundball, 4)
Batting: RHB Orlando López 0-0: Foul Ball, location: 2F
0-1: Swinging Strike
0-2: Ball
1-2: Foul Ball, location: 2F
1-2: Strikes out looking
Batting: LHB Jack Robbins 0-0: Foul Ball, location: 2F
0-1: Called Strike
0-2: Foul Ball, location: 2F
0-2: Ball
1-2: SINGLE (Line Drive, 9S)
Batting: RHB Pedro Orozco 0-0: Called Strike
0-1: Swinging Strike
0-2: Strikes out swinging
Top of the 5th over - 0 run(s), 1 hit(s), 0 error(s), 1 left on base; Alloway 1 - Pawnee 3
BOTTOM OF THE 5TH
Pawnee ParksNRec batting - Pitching for Alloway Halberds : LHP Jim Unknown
Batting: RHB Jim Unknown 0-0: Ball
1-0: Ball
2-0: Reached on error, E6 (Groundball, 56D)
Batting: LHB Mike Gardner 0-0: Swinging Strike
0-1: Ball
1-1: Called Strike
1-2: Ball
2-2: Foul Ball, location: 2F
2-2: Fly out, F7 (Popup, 6D)
Batting: RHB Jim Unknown 0-0: Intentional Walk
Batting: SHB Jim Unknown 0-0: Foul Ball, location: 2F
0-1: Swinging Strike
0-2: Foul Ball, location: 2F
0-2: Fly out, F9 (Line Drive, 89M)
Batting: RHB Jim Unknown 0-0: Ball
1-0: Foul Ball, location: 2F
1-1: Fielders Choice at 2nd, 6-4 (Groundball, 56)
Bottom of the 5th over - 0 run(s), 0 hit(s), 1 error(s), 1 left on base; Alloway 1 - Pawnee 3
TOP OF THE 6TH
Alloway Halberds batting - Pitching for Pawnee ParksNRec : RHP Jim Unknown
Batting: LHB Matt Lee Single, Error in OF, E9, batter to second base
Batting: RHB Bill Stewart 0-0: Ball
1-0: Foul Ball, location: 2F
1-1: Foul Ball, location: 2F
1-2: Strikes out looking
Batting: LHB Al Byers 0-0: Foul Ball, location: 2F
0-1: Ball
Single, Error in OF, E9, batter to second base
Matt Lee scores
Batting: RHB Juan Martínez 0-0: Ball
1-0: Ball
2-0: Called Strike
2-1: Called Strike
2-2: Ball
3-2: Fly out, F9 (Flyball, 89M)
Batting: RHB Brian Williams 0-0: Ball
1-0: Called Strike
1-1: Fly out, F8 (Flyball, 8LS)
Top of the 6th over - 1 run(s), 2 hit(s), 2 error(s), 1 left on base; Alloway 2 - Pawnee 3
BOTTOM OF THE 6TH
Pawnee ParksNRec batting - Pitching for Alloway Halberds : LHP Jim Unknown
Batting: LHB Jim Unknown 0-0: Ball
1-0: Fly out, F8 (Flyball, 8RXD)
Batting: LHB Jim Unknown 0-0: Ball
1-0: Called Strike
1-1: Ball
2-1: Ball
3-1: Foul Ball, location: 2F
3-2: Foul Ball, location: 2F
3-2: Strikes out swinging
Batting: RHB Jim Unknown 0-0: Ball
1-0: Ground out 5-3 (Groundball, 5S)
Bottom of the 6th over - 0 run(s), 0 hit(s), 0 error(s), 0 left on base; Alloway 2 - Pawnee 3
TOP OF THE 7TH
Alloway Halberds batting - Pitching for Pawnee ParksNRec : RHP Jim Unknown
Batting: SHB Curt Finley 0-0: Ground out 6-3 (Groundball, 6M)
Batting: RHB Orlando López 0-0: SOLO HOME RUN (Flyball, 78D), Distance : 439 ft
Batting: LHB Jack Robbins 0-0: Ball
1-0: TRIPLE (Flyball, 8LXD)
Pinch Hitting: LHB Mathew Rose 0-0: Ball
1-0: Ball
2-0: Ball
3-0: Called Strike
3-1: Foul Ball, location: 2F
3-2: Foul Ball, location: 2F
3-2: Base on Balls
Batting: LHB Matt Lee 0-0: Ball
1-0: Ball
2-0: Swinging Strike
2-1: Foul Ball, location: 2F
2-2: Strikes out swinging
Batting: RHB Bill Stewart 0-0: Ball
1-0: Ball
2-0: Called Strike
2-1: SINGLE (Groundball, 25) (infield hit)
Jack Robbins scores
Mathew Rose to second
Batting: LHB Al Byers 0-0: Swinging Strike
0-1: Ball
1-1: SINGLE (Groundball, 34D)
Mathew Rose to third
Bill Stewart to second
Runner from 3rd tries for Home, SAFE, no throw or cutoff
Pitching: RHP Jim Unknown
Batting: RHB Juan Martínez 0-0: Ball
1-0: Ball
2-0: Foul Ball, location: 2F
2-1: Swinging Strike
2-2: Strikes out swinging
Top of the 7th over - 3 run(s), 4 hit(s), 0 error(s), 2 left on base; Alloway 5 - Pawnee 3
BOTTOM OF THE 7TH
Pawnee ParksNRec batting - Pitching for Alloway Halberds : LHP Jim Unknown
Now in RF: Neil Ladner
Batting: RHB Jim Unknown 0-0: Ball
1-0: Ground out 5-3 (Groundball, 56)
Pitching: LHP Jim Unknown
Batting: RHB Jim Unknown 0-0: Swinging Strike
0-1: Called Strike
0-2: Fly out, F6 (Line Drive, 6)
Batting: LHB Mike Gardner 0-0: Ball
1-0: Foul Ball, location: 2F
1-1: Fly out, F8 (Flyball, 8RM)
Bottom of the 7th over - 0 run(s), 0 hit(s), 0 error(s), 0 left on base; Alloway 5 - Pawnee 3
TOP OF THE 8TH
Alloway Halberds batting - Pitching for Pawnee ParksNRec : RHP Jim Unknown
Batting: RHB Brian Williams 0-0: Ground out 6-3 (Groundball, 6M)
Batting: SHB Curt Finley 0-0: Called Strike
0-1: Foul Ball, location: 2F
0-2: Ball
1-2: SINGLE (Flyball, 78M)
Batting: RHB Orlando López 0-0: Ball
1-0: Ball
2-0: SINGLE (Groundball, 6M)
Curt Finley to second
Batting: LHB Jack Robbins 0-0: Called Strike
0-1: Ball
1-1: Foul Ball, location: 2F
1-2: Strikes out swinging
Pinch Hitting: RHB Jonathan Cundall 0-0: Swinging Strike
0-1: Called Strike
0-2: Strikes out swinging
Top of the 8th over - 0 run(s), 2 hit(s), 0 error(s), 2 left on base; Alloway 5 - Pawnee 3
BOTTOM OF THE 8TH
Pawnee ParksNRec batting - Pitching for Alloway Halberds : LHP Jim Unknown
Now in CF: Tony Quintana
Batting: RHB Jim Unknown 0-0: Called Strike
0-1: Ball
1-1: Swinging Strike
1-2: Fly out, F4 (Line Drive, 4)
Batting: SHB Jim Unknown 0-0: Ball
1-0: SINGLE (Line Drive, 6D)
Pitching: RHP Jim Unknown
Batting: RHB Jim Unknown 0-0: Called Strike
0-1: Ball
1-1: Ball
2-1: Ball
3-1: Fly out, F2 (Popup, 2LF)
Batting: LHB Jim Unknown 0-0: Ball
1-0: Ball
2-0: Foul Ball, location: 2F
2-1: Foul Ball, location: 2F
2-2: Foul Ball, location: 2F
2-2: Fly out, F2 (Popup, 2LF)
Bottom of the 8th over - 0 run(s), 1 hit(s), 0 error(s), 1 left on base; Alloway 5 - Pawnee 3
TOP OF THE 9TH
Alloway Halberds batting - Pitching for Pawnee ParksNRec : RHP Jim Unknown
Pitching: RHP Jim Unknown
Batting: LHB Matt Lee 0-0: Ball
1-0: SINGLE (Groundball, 6M)
Batting: RHB Bill Stewart 0-0: Called Strike
0-1: Fly out, F4 (Popup, 34D)
Batting: LHB Al Byers 0-0: Ball
1-0: Ball
2-0: Called Strike
2-1: Foul Ball, location: 2F
2-2: Grounds into double play, 4-6-3 (Groundball, 4)
Top of the 9th over - 0 run(s), 1 hit(s), 0 error(s), 0 left on base; Alloway 5 - Pawnee 3
BOTTOM OF THE 9TH
Pawnee ParksNRec batting - Pitching for Alloway Halberds : RHP Jim Unknown
Pitching: RHP Manuel Reyes
Batting: LHB Jim Unknown 0-0: Ball
1-0: Ball
2-0: Ball
3-0: Base on Balls
Batting: RHB Jim Unknown 0-0: Ground out 5-3 (Groundball, 5S)
Jim Unknown to second
Pinch Hitting: SHB Jim Unknown 0-0: Called Strike
0-1: Ball
1-1: Foul Ball, location: 2F
1-2: Ground out 4-3 (Groundball, 4M)
Jim Unknown to third
Batting: RHB Jim Unknown 0-0: Ball
1-0: SINGLE (Line Drive, 6MD)
Jim Unknown scores
Batting: LHB Mike Gardner 0-0: Ball
1-0: Ball
2-0: Fly out, F9 (Flyball, 9M)
Bottom of the 9th over - 1 run(s), 1 hit(s), 0 error(s), 1 left on base; Alloway 5 - Pawnee 4
This league is powered by Out of the Park Baseball, the baseball management simulation game for PC, Mac and Linux
Saturday, February 27th, 2021 - OOTP Baseball 15.6 Build 34